 Dungeon Crawl Stone Soup version 0.20-a0-251-g16a58bf (webtiles) character file.

4405 KristoblXynda the Covert (level 10, 0/84 HPs)
             Began as a Naga Fighter on Nov 30, 2016.
             Was a Follower of Cheibriados.
             Slain by Grum
             ... wielding a -1 spear of piercing
              (13 damage)
             ... on level 8 of the Dungeon.
             The game lasted 00:15:40 (7072 turns).

KristoblXynda the Covert (Naga Fighter)             Turns: 7072, Time: 00:15:41

Health: 0/84       AC: 11    Str: 21    XL:     10   Next: 35%
Magic:  13/13      EV:  8    Int: 13    God:    Cheibriados [*.....]
Gold:   339        SH: 11    Dex: 13    Spells: 9/9 levels left

rFire  . . .     SeeInvis +       - Unarmed
rCold  . . .     Gourm    .     A - +0 chain mail
rNeg   . . .     Faith    .     b - +0 shield
rPois  +         Spirit   .     D - +0 mask of the Dragon {MR+ Slay+3 SInv}
rElec  .         Reflect  .     (no cloak)
rCorr  .         Harm     .     a - +0 pair of gloves
MR     +++..                    (no barding)
Stlth  +.........               w - amulet of regeneration
                                y - +3 ring of evasion
                                e - ring of protection from magic

@: very slow
A: see invisible, deformed body, poison resistance, slowness 2, slow metabolism
1, spit poison 1, AC +3
a: Spit Poison, Bend Time, Renounce Religion


You were on level 8 of the Dungeon.
You worshipped Cheibriados.
Cheibriados was aware of your devotion.
You were not hungry.

You visited 2 branches of the dungeon, and saw 9 of its levels.

You collected 383 gold pieces.
You spent 44 gold pieces at shops.

Inventory:

Hand Weapons
 l - a +0 scimitar of flaming
Missiles
 C - 10 tomahawks of dispersal (quivered)
Armour
 a - a +0 pair of gloves (worn)
 b - a +0 shield (worn)
 A - a +0 chain mail (worn)
 D - the +0 mask of the Dragon (worn) {MR+ Slay+3 SInv}
   (You found it on level 7 of the Dungeon)

   It affects your accuracy and damage with ranged weapons and melee attacks
   (+3).
   It affects your resistance to hostile enchantments.
   It lets you see invisible.
Jewellery
 e - a ring of protection from magic (left hand)
 g - an uncursed ring of resist corrosion
 w - an amulet of regeneration (around neck)
 y - a +3 ring of evasion (right hand)
Scrolls
 h - a scroll of remove curse
 o - 3 scrolls of identify
 r - 3 scrolls of recharging
 t - 2 scrolls of enchant armour
Potions
 c - a potion of might
 f - a potion of flight
 k - a potion of magic
 z - 2 potions of ambrosia
Comestibles
 d - 4 bread rations
 i - 2 royal jellies


   Skills:
 - Level 3.0 Fighting
 + Level 7.6 Armour
 - Level 8.4 Stealth
 + Level 7.5 Shields
 + Level 5.0 Unarmed Combat
 - Level 5.0 Invocations


You had 9 spell levels left.
You didn't know any spells.

Dungeon Overview and Level Annotations

Branches:
Dungeon (8/15)             Temple (1/1) D:7
   Lair: D:8-11

Altars:
Ashenzari
Cheibriados
Dithmenos
Elyvilon
Fedhas
Gozag
Hepliaklqana
Kikubaaqudgha
Makhleb
Nemelex Xobeh
Okawaru
Qazlal
Ru
Sif Muna
Trog
Uskayaw
Vehumet
Xom
Yredelemnul
Zin
The Shining One

Shops:
D:6 ?   D:8 [

Annotations:
D:8 Grum, Maurice


Innate Abilities, Weirdness & Mutations

You cannot wear boots.
Your serpentine skin is tough. (AC +3)
You have supernaturally acute eyesight. (SInv)
Armour fits poorly on your strangely shaped body.
Your system is resistant to poisons. (rPois)
You cover ground very slowly.
You have a slow metabolism.
You can spit poison.


Message History

The wolf is moderately wounded.
The wolf bites you. You block Grum's attack.
The wolf bites you. x2; You block the wolf's attack.
Grum hits you from afar with a spear of piercing.
* * * LOW HITPOINT WARNING * * *
x2 You block the wolf's attack.
The wolf closely misses you. The wolf bites you but does no damage.
You block the wolf's attack.
The wolf pauses to sniff the ground.
The wolf barely misses you. The wolf bites you.
* * * LOW HITPOINT WARNING * * *
You block the wolf's attack. The wolf bites you but does no damage.
Grum growls, "You look like good eating."
You block Grum's attack. The wolf barely misses you.
You see here 2 arrows.
The wolf bites you but does no damage. You block the wolf's attack.
Grum barely misses you. The wolf bites you!
* * * LOW HITPOINT WARNING * * *
The wolf bites you but does no damage.
Grum hits you from afar with a spear of piercing!
You die...

#....#######.###
###.#..........#
.........##÷#
#........##.##
#.#####..##..# #.#
##.###.## ####.###
#.###..# .......##
#..###(#
........###...##@# #
#.##...†.>..ghh##### .#
#..#.####.#....÷...# ##.##
#.∩#.# #..##..#.#.# ......
##...# ##.###...(.##......
##..#####..#####...#......
#.....###.### #.......#
##..#.......###..)..###
##.#...............#


You could see Grum and 2 wolves.

Vanquished Creatures
  Erica (D:8)
  The ghost of mopl the Quickloader, a novice MiHu of Trog (D:7)
  A hippogriff (D:7)
  Sigmund (D:2)
  Eustachio (D:4)
  Menkaure (D:4)
  An ice beast (D:8)
  An orc warrior (D:6)
  A black bear (D:4)
  3 ogres
  A phantom (D:6)
  An eye of draining (D:8)
  A wolf (D:8)
  4 centaurs
  2 necrophages
  4 bullfrogs
  A scorpion (D:8)
  4 crimson imps
  A quasit (D:6)
  3 hounds
  3 jellies
  2 orc priests
  2 orc wizards (D:6)
  Jessica (D:2)
  A centaur skeleton (D:4)
  2 iguanas
  Natasha (thrice) (D:2)
  7 worker ants
  A hound skeleton (D:7)
  2 worker ant zombies
  3 gnolls (D:5)
  7 adders
  A shadow imp (D:5)
  An ooze (D:2)
  A worm (D:4)
  2 dart slugs
  6 leopard geckos
  19 orcs
  5 giant cockroaches
  5 goblins
  9 hobgoblins
  6 jackals
  14 kobolds
  3 quokkas
  A ball python (D:1)
  6 bats
  5 frilled lizards
  A quokka skeleton (D:4)
  3 rats (D:2)
156 creatures vanquished.

Vanquished Creatures (others)
  A quokka (D:2)
1 creature vanquished.

Grand Total: 157 creatures vanquished

Notes
Turn   | Place    | Note
-------+----------+-------------------------------------------
     0 | D:1      | KristoblXynda the Naga Fighter began the quest for the Orb.
     0 | D:1      | Reached XP level 1. HP: 21/21 MP: 1/1
   128 | D:1      | Reached XP level 2. HP: 27/28 MP: 2/2
   495 | D:1      | Reached XP level 3. HP: 34/34 MP: 3/3
   649 | D:2      | Noticed Sigmund
   669 | D:2      | Killed Sigmund
   669 | D:2      | Reached XP level 4. HP: 30/42 MP: 4/4
   669 | D:2      | Reached XP level 5. HP: 35/49 MP: 5/5
   803 | D:2      | Found a white marble altar of Elyvilon.
   806 | D:2      | Noticed Natasha
   811 | D:2      | Killed Natasha
   811 | D:2      | Reached XP level 6. HP: 55/56 MP: 6/6
  1049 | D:2      | Noticed Natasha
  1062 | D:2      | Killed Natasha
  1203 | D:2      | Noticed Jessica
  1207 | D:2      | Killed Jessica
  1404 | D:2      | Found a deep blue altar of Sif Muna.
  1521 | D:2      | Noticed Natasha
  1530 | D:2      | Killed Natasha
  2084 | D:3      | Found a bloodstained altar of Trog.
  2091 | D:3      | Found a sparkling altar of Nemelex Xobeh.
  2444 | D:4      | Reached XP level 7. HP: 62/62 MP: 7/7
  2705 | D:4      | Noticed Menkaure
  2717 | D:4      | Killed Menkaure
  2717 | D:4      | Reached skill level 5 in Unarmed Combat
  2751 | D:4      | Noticed Eustachio
  2769 | D:4      | Reached skill level 1 in Stealth
  2807 | D:4      | Killed Eustachio
  2807 | D:4      | Reached skill level 5 in Armour
  2807 | D:4      | Reached skill level 3 in Stealth
  2807 | D:4      | Reached XP level 8. HP: 35/69 MP: 8/8
  3419 | D:5      | Entered Level 5 of the Dungeon
  3479 | D:5      | Reached skill level 4 in Stealth
  3492 | D:5      | Reached skill level 5 in Shields
  3569 | D:5      | Found a shadowy altar of Dithmenos.
  3834 | D:5      | Reached skill level 5 in Stealth
  4425 | D:6      | Reached skill level 6 in Stealth
  4536 | D:6      | Reached skill level 7 in Stealth
  4539 | D:6      | Reached XP level 9. HP: 48/75 MP: 9/9
  4611 | D:6      | Found Eggaffot's Magic Scroll Shop.
  4635 | D:6      | Bought a scroll of identify for 22 gold pieces
  4635 | D:6      | Bought a scroll of identify for 22 gold pieces
  5336 | D:6      | Reached skill level 8 in Stealth
  5406 | D:7      | Found a staircase to the Ecumenical Temple.
  5412 | Temple   | Entered the Ecumenical Temple
  5453 | Temple   | Became a worshipper of Cheibriados the Contemplative
  5946 | D:7      | Found a burning altar of Makhleb.
  5971 | D:7      | Reached skill level 1 in Invocations
  6316 | D:7      | Noticed mopl's ghost (novice MiHu)
  6342 | D:7      | Killed mopl's ghost
  6749 | D:8      | Noticed Maurice
  6766 | D:8      | Reached XP level 10. HP: 56/84 MP: 12/12
  6842 | D:8      | Noticed Erica
  6859 | D:8      | Killed Erica
  6862 | D:8      | Reached * piety under Cheibriados
  6978 | D:8      | Reached skill level 5 in Invocations
  7012 | D:8      | Found Doazipro's Armour Boutique.
  7019 | D:8      | Noticed Grum
  7072 | D:8      | Slain by Grum

Vault maps used:
D:1:      eino_arrival_tree_alley, minmay_tetromino_o2
D:2:      led_sif_pool, minivault_19, corexii_shack, minmay_misc_feat_pillars,
          elyvilon_altar_4, uniq_sigmund, uniq_jessica, uniq_natasha
D:3:      minitemple, first_bread
D:4:      black_bear_nest_1, uniq_menkaure, uniq_eustachio
D:5:      basic_altar
D:6:      serial_shops, shop_statue, minmay_unpleasant_kobolds
D:7:      makhleb_blood_cavern_becter
D:8:      serial_shops, shop, uniq_grum, uniq_erica, uniq_maurice
Temple:   dpeg_five_rooms_temple

Skill      XL: |  1  2  3  4  5  6  7  8  9 10 |
---------------+-------------------------------+-----
Armour         | 3 4 5 7 |  7.6
Shields        | 3 4 5 7 |  7.5
Unarmed Combat | 3 4 5 |  5.0
Stealth        | 3 7 8 |  8.4
Invocations    | 3 5 |  5.0
Fighting       | |  3.0

Action                   |  1- 3 |  4- 6 |  7- 9 | 10-12 || total
-------------------------+-------+-------+-------+-------++-------
Melee: Unarmed           |    66 |   182 |   743 |   118 ||  1109
 Abil: Spit Poison       |    13 |    13 |    12 |     2 ||    40
       Evoke Berserk Rag |       |     1 |     1 |       ||     2
  Use: Scroll            |       |     9 |     5 |     1 ||    15
       Potion            |       |       |     8 |     3 ||    11
  Eat: Chunk             |       |     5 |     4 |       ||     9
       Bread ration      |       |       |     1 |       ||     1
       Fruit             |       |       |     1 |       ||     1
       Meat ration       |       |       |     2 |       ||     2
Armor: Scale mail        |    18 |    75 |     1 |       ||    94
       Chain mail        |       |       |   358 |    58 ||   416
       Skin              |       |       |     5 |       ||     5
Dodge: Dodged            |     9 |    40 |   220 |    39 ||   308
Block: Shield            |    40 |    75 |   367 |    77 ||   559
